 Dungeon Crawl Stone Soup version 0.22-a0-538-g76cc104 (webtiles) character file.

317 kae the Insei (level 6, -3/43 HPs)
             Began as a Demonspawn Transmuter on June 23, 2018.
             Slain by Prince Ribbit (15 damage)
             ... on level 5 of the Dungeon.
             The game lasted 00:04:26 (4997 turns).

kae the Insei (Demonspawn Transmuter)               Turns: 4997, Time: 00:04:26

Health: -3/43      AC:  6    Str: 11    XL:     6   Next: 20%
Magic:  5/9        EV: 12    Int: 14    God:
Gold:   226        SH:  0    Dex: 15    Spells: 3/9 levels left

rFire    + . .     SeeInvis .     - Unarmed
rCold    . . .     Gourm    .   (no shield)
rNeg     . . .     Faith    .   f - +1 leather armour
rPois    .         Spirit   .   (helmet restricted)
rElec    .         Reflect  .   h - +1 cloak
rCorr    .         Harm     .   (no gloves)
MR       .....                  (no boots)
Stlth    +.........             (no amulet)
HPRegen  0.14/turn              c - ring of protection from fire
MPRegen  0.11/turn              (no ring)

@: very slightly contaminated
A: antennae 1, hooves 2, spiny 1
a: no special abilities


You were on level 5 of the Dungeon.
You were hungry.

You visited 1 branch of the dungeon, and saw 5 of its levels.

You collected 226 gold pieces.

Inventory:

Missiles
 a - 88 arrows
Armour
 b - a +0 robe
 f - a +1 leather armour (worn)
 h - a +1 cloak (worn)
Jewellery
 c - a ring of protection from fire (left hand)
 i - an uncursed ring of resist corrosion {unknown}
Wands
 q - a wand of iceblast (7)
Scrolls
 e - 8 scrolls of identify
 l - 3 scrolls of remove curse
 m - a scroll of blinking {unknown}
 o - a scroll of teleportation {unknown}
 s - a scroll of amnesia
Potions
 g - 2 potions of berserk rage
 j - a potion of cancellation
 k - a potion of lignification
 n - a potion of curing
 r - a potion of haste {unknown}
Comestibles
 d - 9 rations


   Skills:
 - Level 1.0 Fighting
 - Level 1.7 Dodging
 * Level 5.1 Unarmed Combat
 - Level 2.0 Spellcasting
 + Level 4.0 Transmutations


You had 3 spell levels left.
You knew the following spells:

 Your Spells              Type           Power        Failure   Level  Hunger
a - Beastly Appendage     Tmut           ##....       6%          1    ##.....
b - Sticks to Snakes      Tmut           ##......     9%          2    ###....
c - Spider Form           Tmut/Pois      #.........   38%         3    ####...

Your spell library contained the following spells:

 Spells                   Type           Power        Failure   Level  Hunger
 Blade Hands              Tmut           ##........   85%         5    ######.
 Ice Form                 Ice/Tmut       #.......     80%         4    #####..


Dungeon Overview and Level Annotations

Branches:
Dungeon (5/15)
 Temple: D:4-7

Altars:
Dithmenos
Okawaru
Xom
Zin

Annotations:
D:3 3 runed doors, kae's ghost, amateur DsTm
D:5 Prince Ribbit


Innate Abilities, Weirdness & Mutations

You have a pair of small antennae on your head.
You have hoof-like feet.
You are partially covered in sharp spines.


Message History

You completely miss the iguana. You punch the iguana.
The iguana is almost dead.
Prince Ribbit hits you but does no damage.
The adder skeleton barely misses you.
You barely miss the iguana.
The iguana is almost dead.
Prince Ribbit is struck by your spines. Prince Ribbit closely misses you.
The iguana is struck by your spines.
You kill the iguana!
The adder skeleton barely misses you. Prince Ribbit is struck by your spines.
Prince Ribbit barely misses you.
You punch Prince Ribbit! Your kick misses Prince Ribbit.
Prince Ribbit is heavily wounded.
Prince Ribbit hits you!
* * * LOW HITPOINT WARNING * * *
The adder skeleton closely misses you.
You punch Prince Ribbit!
Prince Ribbit is heavily wounded.
Prince Ribbit is struck by your spines. Prince Ribbit hits you!
You die...

.# . .... ... .
... ....#. ...# .
....#. ...#..
#.#...###......
#..............
##....Z(...#
#(...@# #....F#
#.....# #. .#
#...... #. ##.###
#.....#.#. #......
#.....#.#.#.......
....... ..........
######## ....?....
#........


You could see Prince Ribbit and an adder skeleton.

Vanquished Creatures
  A centaur skeleton (D:4)
  Ijyb (D:4)
  2 iguanas
  Robin (D:4)
  3 gnolls (D:4)
  5 adders
  An ooze (D:3)
  2 worms
  2 dart slugs
  3 leopard geckos
  An orc (D:4)
  4 giant cockroaches
  10 goblins
  10 hobgoblins
  6 jackals
  A quokka (D:2)
  A ball python (D:1)
  6 bats (D:1)
  5 frilled lizards
  6 kobolds
  7 rats
78 creatures vanquished.

Vanquished Creatures (collateral kills)
  A worker ant (D:4)
  2 adders (D:2)
  3 goblins
  A hobgoblin (D:1)
7 creatures vanquished.

Grand Total: 85 creatures vanquished

Notes
Turn   | Place    | Note
-------+----------+-------------------------------------------
     0 | D:1      | kae the Demonspawn Transmuter began the quest for the Orb.
     0 | D:1      | Reached XP level 1. HP: 15/15 MP: 3/3
   313 | D:1      | Reached skill level 3 in Unarmed Combat
   313 | D:1      | Gained mutation: You have large cloven feet. [demonic ancestry]
   313 | D:1      | Reached XP level 2. HP: 20/21 MP: 3/5
   510 | D:1      | Learned a level 2 spell: Sticks to Snakes
  1010 | D:1      | Gained mutation: You have a pair of small antennae on your head. [demonic ancestry]
  1010 | D:1      | Reached XP level 3. HP: 18/26 MP: 6/6
  2284 | D:2      | Gained mutation: You have hoof-like feet. [demonic ancestry]
  2284 | D:2      | Reached XP level 4. HP: 8/32 MP: 3/7
  2743 | D:2      | Found an iron altar of Okawaru.
  2921 | D:3      | Learned a level 3 spell: Spider Form
  3229 | D:3      | Found a runed gate.
  3229 | D:3      | Found a runed gate.
  3229 | D:3      | Found a runed gate.
  3229 | D:3      | Noticed kae's ghost (amateur DsTm)
  3321 | D:3      | Found a shadowy altar of Dithmenos.
  3399 | D:3      | Noticed an angel
  3400 | D:3      | Found a glowing silver altar of Zin.
  3400 | D:3      | Found a shimmering altar of Xom.
  3475 | D:3      | Reached skill level 4 in Unarmed Combat
  3877 | D:4      | Reached XP level 5. HP: 20/37 MP: 4/8
  4018 | D:4      | Noticed Ijyb
  4037 | D:4      | Killed Ijyb
  4420 | D:4      | Noticed Robin
  4440 | D:4      | Killed Robin
  4822 | D:4      | Reached skill level 5 in Unarmed Combat
  4822 | D:4      | Gained mutation: You are partially covered in sharp spines. [demonic ancestry]
  4822 | D:4      | Reached XP level 6. HP: 32/43 MP: 9/9
  4941 | D:5      | Entered Level 5 of the Dungeon
  4941 | D:5      | Noticed Prince Ribbit
  4997 | D:5      | Slain by Prince Ribbit

Vault maps used:
D:1:      dpeg_arrival_rooms_b
D:2:      okawaru_trees_1, st_stairs_12
D:3:      grunt_temple_overflow_order_and_chaos_1,
          nicolae_dithmenos_shadow_blocks, gammafunk_ghost_necromancy
D:4:      first_ration, uniq_robin, uniq_ijyb
D:5:      yredelemnul_forgotten_temple_becter, uniq_blork_the_orc,
          uniq_prince_ribbit1, uniq_grinder

Skill      XL: |  1  2  3  4  5 |
---------------+----------------+-----
Transmutations | 2 3 4 |  4.0
Unarmed Combat | 3 4 5 |  5.1
Fighting       | |  1.0
Dodging        | |  1.7
Spellcasting   | |  2.0

Action                   |  1- 3 |  4- 6 || total
-------------------------+-------+-------++-------
Melee: Unarmed           |   125 |   139 ||   264
       Headbutt          |     6 |       ||     6
       Kick              |    20 |    29 ||    49
       Punch             |     2 |     3 ||     5
 Cast: Beastly Appendage |     9 |       ||     9
       Sticks to Snakes  |     9 |     5 ||    14
       Spider Form       |       |     3 ||     3
  Use: Scroll            |     1 |     8 ||     9
 Stab: Sleeping          |     2 |       ||     2
       Distracted        |       |     1 ||     1
  Eat: Chunk             |     4 |    10 ||    14
Armor: Robe              |    37 |       ||    37
       Leather armour    |     9 |    24 ||    33
       Skin              |       |     3 ||     3
Dodge: Dodged            |   110 |    90 ||   200

Table legend:
 A = Spawn XP
 B = Non-spawn XP
 C = Spawn XP percentage of total XP
 D = Spawn monster count
 E = Non-spawn monster count
 F = Spawn count percentage of total count
 G = Total turns spent on level
                    A         B        C        D         E        F      G
               +---------+---------+-------+---------+---------+-------+---------
         Total |       0 |     453 |   0.0 |       0 |      85 |   0.0 |  4997
               +---------+---------+-------+---------+---------+-------+---------
           D:1 |       0 |      45 |   0.0 |       0 |      28 |   0.0 |  1355
           D:2 |       0 |      85 |   0.0 |       0 |      25 |   0.0 |  1547
           D:3 |       0 |      33 |   0.0 |       0 |       7 |   0.0 |   867
           D:4 |       0 |     251 |   0.0 |       0 |      24 |   0.0 |  1215
           D:5 |       0 |      39 |   0.0 |       0 |       1 |   0.0 |    13
               +---------+---------+-------+---------+---------+-------+---------
